Map: Beckett Industries LE

Players

Insane - Winner!

  • Race: Zerg Zerg
  • League: Diamond

knuttie

  • Race: Terran Terran
  • League: Diamond

VOD

Have the link to the VOD?

Description

Time

  • Played on: Feb. 1, 2022, 4:31 p.m.
  • Length: 6:06
Show
View Real Time Build Order
Export as new Build Order

Insane Zerg - Winner!

Build Orders: Pool First 

Get SALT Encoding   

  12  0:00  Drone  
  13  0:10  Drone  
  14  0:16  Overlord  
  14  0:22  Extractor  
  14  0:24  Drone  
  15  0:36  Drone x2  
  17  0:45  Spawning Pool  
  17  0:49  Drone  
  17  1:10  Hatchery  
  16  1:14  Drone  
  16  1:16  Extractor  
  16  1:19  Drone  
  16  1:22  Drone  
  18  1:26  Drone  
  19  1:35  Queen  
  21  1:42  Drone  
  22  1:49  Overlord  
  22  2:10  Drone  
  22  2:11  Drone  
  24  2:22  Metabolic Boost  
  24  2:25  Queen  
  24  2:27  Drone x2  
  28  2:31  Drone  
  28  2:35  Zergling x2  
  30  2:40  Hatchery  
  30  2:42  Drone  
  30  2:48  Queen  
  32  2:53  Overlord  
  32  2:55  Drone  
  32  2:58  Drone  
  34  3:00  Drone  
  36  3:05  Drone  
  36  3:12  Overlord x2  
  36  3:16  Drone x2  
  38  3:21  Drone  
  39  3:32  Drone x2  
  40  3:39  Drone x3  
  40  3:40  Drone x3  
  46  3:43  Overlord  
  46  3:58  Roach Warren  
  46  3:59  Drone x4  
  49  4:11  Drone x3  
  49  4:16  Extractor, Lair  
  51  4:17  Extractor  
  51  4:20  Extractor  
  51  4:23  Drone x2  
  51  4:24  Drone  
  52  4:25  Drone  
  52  4:26  Drone  
  52  4:30  Drone x2  
  52  4:31  Drone  
  57  4:33  Queen  
  59  4:51  Drone x3  
  59  4:52  Drone x4  
  66  4:54  Overlord x3  
  66  5:14  Roach  
  66  5:15  Roach x6  
  66  5:18  Overlord x5  
  80  5:26  Evolution Chamber  
  80  5:27  Evolution Chamber  
  80  5:28  Drone, Hydralisk Den  
  78  5:33  Drone x2  
  78  5:35  Roach x3  
  86  5:54  Spore Crawler  
  97  5:57  Spore Crawler  
Show
View Real Time Build Order
Export as new Build Order

knuttie Terran 

Build Orders:  

Get SALT Encoding   

  12  0:01  SCV  
  13  0:13  SCV  
  14  0:17  Supply Depot  
  14  0:25  SCV  
  15  0:39  SCV  
  15  0:40  Barracks  
  16  0:45  Refinery  
  16  0:51  SCV  
  17  1:03  SCV  
  18  1:15  SCV  
  19  1:29  Barracks Reactor  
  19  1:31  Orbital Command  
  19  1:42  Command Center  
  19  1:51  Supply Depot  
  19  1:56  SCV  
  21  2:08  SCV  
  21  2:15  Factory  
  21  2:20  Refinery, SCV  
  22  2:25  Marine  
  22  2:28  Marine  
  24  2:32  SCV  
  25  2:44  SCV  
  25  2:47  Marine  
  25  2:48  Marine  
  25  2:50  Refinery  
  28  2:54  Orbital Command  
  28  2:57  SCV  
  29  3:00  Factory Tech Lab  
  29  3:05  Marine  
  29  3:08  Marine  
  29  3:09  SCV  
  32  3:21  SCV x2  
  32  3:23  Marine  
  32  3:25  Marine, Siege Tank  
  39  3:41  Marine  
  39  3:43  Marine  
  39  3:47  SCV x2  
  43  3:55  Starport  
  43  3:58  Siege Tank  
  43  4:01  Supply Depot  
  46  4:04  Supply Depot  
  46  4:20  Supply Depot  
  46  4:23  Marine x2, SCV x2  
  50  4:31  Factory  
  50  4:33  Medivac  
  50  4:35  SCV  
  50  4:36  Siege Tank  
  50  4:38  SCV  
  57  4:41  Marine x2  
  57  4:42  Supply Depot  
  59  4:47  SCV  
  59  4:50  SCV  
  61  4:59  SCV  
  62  5:02  SCV  
  62  5:03  Liberator  
  62  5:05  Supply Depot, Refinery  
  62  5:06  Marine x2  
  68  5:15  SCV  
  68  5:17  SCV  
  70  5:26  Siege Tank  
  70  5:27  SCV, Factory Tech Lab  
  74  5:32  SCV  
  75  5:39  SCV  
  76  5:44  SCV  
  76  5:48  Supply Depot  
Tags
 
Add a new tag
Caveats
  • Supply blocks, unpowered buildings, or Contaminate may cause inaccurate times.
  • Supply counts are checked every 10 seconds.